AoeStats
← Coyunto90

Four Lakes

509470387Analyzed
1v1 RM · 6d ago on Sep 26, 2026· 65m 43s· 2 players
Game mode
Random Map
Map size
Tiny (2 player)
Population
200
Speed
Normal
Resources
Standard
Victory
Conquest
Starting age
Dark Age
Ending age
Imperial Age
RankedLock teamsTeams togetherTeam positionsShared explorationLock speedFull tech treeHidden civsTurbo modeCheats
Victory
Defeat
🇪🇸 Persians · Spain
1093
+17
🇦🇷 Byzantines · Argentina
1109
-17
Coyunto90
10:46 Feudal Age
10:00 Loom
11:45 Double-Bit Axe
13:09 Fishing Lines
14:31 Horse Collar
18:45 Castle Age
17:12 Gold Mining
20:55 Bow Saw
21:12 Gillnets
22:01 Husbandry
23:45 Wheelbarrow
25:20 Scale Barding Armor
27:05 Heavy Plow
27:57 Chain Barding Armor
29:17 Bloodlines
30:16 Hand Cart
32:32 Imperial Age
30:22 Forging
32:24 Iron Casting
32:34 Cavalier
34:02 Plate Barding Armor
32:48 Heavy Camel Rider
33:35 Town Watch
35:07 Blast Furnace
35:28 Chemistry
34:36 Capped Ram
35:54 Fletching
35:40 Siege Ram
36:39 Masonry
37:42 Conscription
37:39 Bodkin Arrow
37:46 Light Cavalry
37:56 Cavalier
39:07 Stone Mining
39:53 Gold Shaft Mining
39:57 Citadels
40:16 Ballistics
40:03 Savar
40:26 Pikeman
42:49 Halberdier
43:30 Squires
43:32 Scale Mail Armor
43:37 Kamandaran
44:21 Medium Warships
45:04 Padded Archer Armor
45:22 Chain Mail Armor
45:13 Crossbowman
46:46 Thumb Ring
46:50 Murder Holes
49:25 Plate Mail Armor
50:30 Leather Archer Armor
56:23 Architecture
55:55 Light Cavalry
56:32 Hussar
60:46 Arson
61:46 Hoardings
62:31 Sappers
Alamdons
7:54 Loom
10:09 Feudal Age
10:37 Double-Bit Axe
16:01 Castle Age
16:57 Fishing Lines
18:08 Bow Saw
19:43 Wheelbarrow
20:34 Scale Barding Armor
20:40 Forging
21:21 Hand Cart
22:23 Horse Collar
24:30 Heavy Plow
26:09 Chain Barding Armor
26:24 Iron Casting
28:23 Gold Mining
29:45 Gold Shaft Mining
29:41 Husbandry
29:54 Light Cavalry
32:26 Gillnets
33:43 Stone Mining
36:50 Imperial Age
38:08 Logistica
37:19 Elite Cataphract
38:20 Conscription
38:21 Heavy Camel Rider
40:58 Plate Barding Armor
41:29 Pikeman
42:58 Scale Mail Armor
43:13 Hussar
44:29 Squires
46:03 Chain Mail Armor
45:18 Halberdier
47:06 Two-Man Saw
46:46 Stone Shaft Mining
46:42 Crop Rotation
49:32 Gambesons
54:47 Elite Cataphract
60:08 Fletching
60:18 Padded Archer Armor
60:27 Thumb Ring
Connection lost

Rejoining the realm…

Still unreachable

The connection could not be restored.

Session expired

The server has moved on; the page needs a fresh start.